 Dungeon Crawl Stone Soup version 0.18-a0-1197-g8004e50 (webtiles) character file.

65 M4edhros the Charlatan (level 4, -1/28 HPs)
             Began as an Octopode Artificer on Jan 31, 2016.
             Slain by a jackal (2 damage)
             ... on level 3 of the Dungeon.
             The game lasted 00:00:49 (636 turns).

M4edhros the Charlatan (Octopode Artificer)          Turns: 636, Time: 00:00:49

Health: -1/28      AC:  1    Str: 10    XL:     4   Next: 14%
Magic:  6/6        EV: 13    Int: 15    God:
Gold:   38         SH:  0    Dex: 12    Spells: 0 memorised, 3 levels left

rFire  . . .     SeeInvis +     a - +0 short sword
rCold  . . .     Gourm    .     (no shield)
rNeg   . . .     Faith    .     (helmet restricted)
rPois  .         Spirit   .     j - amulet of rage
rElec  .         Dismiss  .     g - ring of see invisible
rCorr  .         Reflect  .     (no ring)
SustAt .         Harm     .     (no ring)
MR     .....                    (no ring)
Stlth  ++++......               (no ring)
                                (no ring)
                                (no ring)
                                (no ring)

@: lethally poisoned (-1 -> -4), not resistant to hostile enchantments, stealthy
A: almost no armour, amphibious, 8 rings, constrict 8, camouflage 1, gelatinous
body 1
a: Evoke Berserk Rage


You were on level 3 of the Dungeon.
You were not hungry.

You visited 1 branch of the dungeon, and saw 3 of its levels.

You collected 38 gold pieces.

Inventory:

Hand Weapons
 a - a +0 short sword (weapon)
Jewellery
 g - a ring of see invisible (left tentacle)
 i - an uncursed amulet of dismissal
 j - an amulet of rage (around mantle)
Wands
 b - a wand of flame (12/48)
 c - a wand of enslavement (15/24)
 d - a wand of random effects (15/48)
Scrolls
 e - a scroll of identify {unknown}
 h - a scroll of enchant armour {unknown}
 k - a scroll of remove curse {unknown}
Comestibles
 f - a bread ration


   Skills:
 - Level 1.0 Fighting
 - Level 1.0 Short Blades
 * Level 3.2 Dodging
 * Level 3.6 Stealth
 + Level 3.6 Evocations


You had 3 spell levels left.
You didn't know any spells.

Dungeon Overview and Level Annotations

Branches:
Dungeon (3/15)

Altars:


Innate Abilities, Weirdness & Mutations

You cannot wear most types of armour.
You are amphibious.
You can wear up to eight rings at the same time.
You can use your tentacles to constrict eight enemies at once.
Your skin changes colour to match your surroundings (Stealth).
Your rubbery body absorbs attacks (AC +1).


Message History

Aim: an adder (severely wounded, constricted by you)
The puff of flame hits the adder.
You kill the adder!
You have reached level 4!
This wand has 13 charges left.
You feel sick. The jackal bites you.
* * * LOW HITPOINT WARNING * * *
An orc comes into view. It is wielding a whip.
Evoke which item? (* to show all) (? for menu, Esc to quit)
Zapping:
b - a wand of flame (13/48)
Press: ? - help, Shift-Dir - straight line, f - orc
Aim: an orc, wielding a club and wearing a leather armour The puff of flame hits the orc.
The orc appears unharmed.
This wand has 12 charges left.
The orc shouts!
The jackal bites you.
* * * LOW HITPOINT WARNING * * *
The orc hits you with a club.
* * * LOW HITPOINT WARNING * * *
The jackal bites you.
You die...

#....##.#
#....#.#######
#..o#).†.<..#
#..........#
#..........#
#.##...[...#
#. #.......# #
##o######
#.@h..#
#........#
####.....#
#.....#
#.....#
#.....#
#######


You could see 2 orcs and a jackal.

Vanquished Creatures
  Jessica (D:3)
  3 adders
  A worm (D:2)
  A giant cockroach (D:1)
  2 goblins (D:1)
  A hobgoblin (D:3)
  2 jackals (D:3)
  A rat (D:1)
12 creatures vanquished.

Notes
Turn   | Place    | Note
--------------------------------------------------------------
     0 | D:1      | M4edhros the Octopode Artificer began the quest for the Orb.
     0 | D:1      | Reached XP level 1. HP: 13/13 MP: 3/3
   258 | D:2      | Reached XP level 2. HP: 9/18 MP: 4/4
   522 | D:2      | Reached XP level 3. HP: 19/23 MP: 5/5
   608 | D:3      | Noticed Jessica
   616 | D:3      | Killed Jessica
   635 | D:3      | Reached XP level 4. HP: 8/28 MP: 6/6
   636 | D:3      | HP: 1/28 [orc/club (1)]
   636 | D:3      | Slain by a jackal

Vault maps used:
D:1:      dpeg_arrival_prison
D:2:      tgw_fedhas, grunt_qazlal_clouds
D:3:      serial_park_tiny_pond, uniq_robin, uniq_grinder, uniq_jessica

Action                   |  1- 3 |  4- 6 || total
-------------------------+-------+-------++-------
Melee: Short sword       |    30 |       ||    30
Evoke: Wand              |     1 |     2 ||     3
 Stab: Sleeping          |     2 |       ||     2
